 Dungeon Crawl Stone Soup version 0.29-a0-344-ge2f44be95a (webtiles) character file.

Game seed: 2691102237360582621

81 spiderkeys the Skirmisher (level 4, 0/40 HPs)
             Began as a Ghoul Abyssal Knight on Apr 21, 2022.
             Was a Priest of Lugonu.
             Slain by a goblin
             ... wielding a +0 club
             ... led by Robin
              (6 damage)
             ... on level 2 of the Dungeon.
             The game lasted 00:01:49 (1319 turns).

spiderkeys the Skirmisher (Ghoul Abyssal Knight)    Turns: 1319, Time: 00:01:50

Health: 0/40       AC:  5    Str: 18    XL:     4   Next: 40%
Magic:  5/5        EV: 10    Int:  5    God:    Lugonu [***...]
Gold:   112        SH:  0    Dex:  9    Spells: 3/3 levels left

rFire   . . .      SeeInvis .   a - +1 hand axe
rCold   + . .      Faith    .   (no shield)
rNeg    + + +      Spirit   .   l - +0 ring mail
rPois   ∞          Reflect  .   (no helmet)
rElec   .          Harm     .   (no cloak)
rCorr   .          Rampage  .   (no gloves)
Will    .....                   (no boots)
Stlth   ..........              A - amulet of the acrobat
HPRegen 0.00/turn               (no ring)
MPRegen 0.09/turn               (no ring)

@: inhibited regen
A: claws 1, cold resistance 1, negative energy resistance 3, inhibited
regeneration, torment resistance 2, devour on kill
a: Renounce Religion, Depart the Abyss, Bend Space, Banish


You were on level 2 of the Dungeon.
You worshipped Lugonu.
Lugonu was most pleased with you.
You visited 1 branch of the dungeon, and saw 2 of its levels.
You visited the Abyss 1 time.

You collected 112 gold pieces.


Innate Abilities, Weirdness & Mutations

You are immune to poison.
You have sharp fingernails.
Your flesh is cold resistant. (rC+)
You are immune to negative energy. (rN+++)
You do not regenerate when monsters are visible.
You are immune to unholy pain and torment.
You thrive by killing the living.


   Skills:
 + Level 4.0 Fighting
 + Level 2.5 Axes
 + Level 2.5 Armour
 - Level 1.0 Dodging
 + Level 2.9 Invocations


You had 3 spell levels left.
You didn't know any spells.
Your spell library contained the following spells:

 Spells                   Type           Power      Damage    Failure   Level
 Animate Skeleton         Necr           0%         N/A       67%         1
 Pain                     Necr           0%         1d4       67%         1
 Vampiric Draining        Necr           0%         2d6       95%         3

Inventory:

Hand Weapons
 a - a +1 hand axe (weapon)
Missiles
 f - 49 stones
Armour
 b - a +0 ring mail
   (You found it on level 1 of the Dungeon)
 l - a +0 ring mail (worn)
   (You found it on level 1 of the Dungeon)
 m - a +0 ring mail
   (You found it on level 2 of the Dungeon)
 p - a +0 chain mail
   (You found it on level 2 of the Dungeon)
 q - a +0 leather armour
   (You found it on level 2 of the Dungeon)
Jewellery
 g - an amulet of regeneration
   (You found it on level 1 of the Dungeon)
 A - an amulet of the acrobat (around neck)
   (You found it on level 2 of the Dungeon)
Scrolls
 c - 3 scrolls of identify {unknown}
 d - a scroll of teleportation {unknown}
 e - a scroll of fear {unknown}
 i - 2 scrolls of enchant weapon {unknown}
 j - a scroll of fog {unknown}
 n - a scroll of immolation {unknown}
 r - a scroll of vulnerability {unknown}
Potions
 h - 4 potions of heal wounds {unknown}
 k - a potion of haste {unknown}
 o - a potion of attraction {unknown}

Dungeon Overview and Level Annotations

Branches:
Dungeon (2/15)

Altars:

Annotations:
D:2 Robin

###.#####.#
.......#.#
#####.###.#.#######
..................#
..##...#.#.#####.#
#...#.#....
#..$#.......
#.gg#g.######
#.#@gg...#
#ggg#..#.#
....#.#..#.
####.#.. .# . #.#
## .. ... .. ...
... ..#


You could see Robin, 2 hobgoblins and 5 goblins.


Message History

There are monsters nearby! 2 goblins come into view.
The goblin shouts! x2; You hear a shout!
Robin of the Strong Arm comes into view.
They are wielding a +0 falchion.
A hobgoblin comes into view.
You see here 6 gold pieces.
A goblin and 2 hobgoblins come into view.
The hobgoblin shouts! x2; The goblin shouts!
The hobgoblin shouts!
Robin flexes a bicep menacingly.
Robin roars a battlecry!
The goblins go into a battle-frenzy!
A goblin comes into view. It is wielding a +0 dagger.
You hear a shout! 2 goblins come into view.
The goblin shouts!
Robin throws the goblin at you!
The endoplasm hits you but does no damage.
The goblin hits you but does no damage.
You hit the goblin. You hit the endoplasm. You barely miss the goblin.
A goblin comes into view. It is wielding a +0 dagger.
The endoplasm misses you. The goblin barely misses you.
The goblin hits you with a +0 dagger. 😕 HP[-2]
You take 2 damage, and now have 38/40 hp.
You barely miss the endoplasm. You hit the goblin. You barely miss the goblin.
The endoplasm hits you but does no damage.
The goblin hits you but does no damage.
The goblin hits you with a +0 dagger. 😕 HP[-1]
You take 1 damage, and now have 37/40 hp.
You hit the endoplasm. You barely miss the goblin. You closely miss the goblin.
The endoplasm freezes you.
You are frozen.
You resist. The goblin hits you with a +0 dagger.
The goblin completely misses you. The endoplasm freezes you.
You are frozen.
You resist. The hobgoblin barely misses you.
A frilled lizard comes into view.
The goblin hits you with a +0 club.
Robin says, "Bow before me, strongest of all the hobgoblins!"
Robin throws the goblin at you!
The goblin hits you but does no damage. 😮 HP[-9]
You take 9 damage, and now have 28/40 hp.
MASSIVE DAMAGE!! (PAUSE)
The frilled lizard hisses angrily.
You hit the goblin.
You kill the goblin!
Lugonu accepts your kill.
You feel better.
You barely miss the goblin. You hit the endoplasm but do no damage.
You hit the hobgoblin. The goblin misses you.
The endoplasm hits you but does no damage. 😕 HP[+3]
You regained 3 hp, and now have 31/40 hp.
You hit Robin. You hit the goblin. You hit the hobgoblin.
You hit the endoplasm.
You kill the endoplasm!
Lugonu accepts your kill.
You feel better. The goblin hits you with a +0 club. Robin barely misses you.
The hobgoblin hits you but does no damage. 😕 HP[+3]
You regained 3 hp, and now have 34/40 hp.
You closely miss Robin. You hit the goblin. You closely miss the hobgoblin.
You hit the hobgoblin.
You kill the hobgoblin!
Lugonu accepts your kill.
You barely miss the goblin. The goblin hits you with a +0 club.
Robin closely misses you. 😕 HP[-2]
You take 2 damage, and now have 32/40 hp.
You barely miss Robin. You barely miss the goblin. You closely miss the goblin.
You barely miss the hobgoblin. You completely miss the goblin.
The goblin completely misses you. The hobgoblin hits you.
The goblin hits you with a +0 dagger.
Robin's bangles clink loudly.
Robin hits you but does no damage.
The goblin hits you but does no damage. 😮 HP[-8]
You take 8 damage, and now have 24/40 hp.
You slash Robin! You barely miss the goblin. You barely miss the hobgoblin.
You hit the goblin.
You kill the goblin!
Lugonu accepts your kill.
You feel better.
You hit the goblin.
You kill the goblin!
Lugonu accepts your kill. The hobgoblin hits you.
The goblin hits you with a +0 club.
* * * LOW HITPOINT WARNING * * *
Your Fighting skill increases to level 4! 😨 HP[-7]
You take 7 damage, and now have 17/40 hp.
You closely miss Robin. You closely miss the goblin. You hit the hobgoblin.
You barely miss the goblin. You miss the goblin.
The goblin no longer looks unusually strong.
The hobgoblin hits you.
* * * LOW HITPOINT WARNING * * *
The goblin barely misses you. Robin misses you.
The goblin barely misses you. x2
The hobgoblin hits you.
* * * LOW HITPOINT WARNING * * *
The goblin hits you with a +0 dagger.
* * * LOW HITPOINT WARNING * * *
The goblin hits you but does no damage. The goblin hits you with a +0 club.
You die...

Skill      XL: |  1  2  3  4 |
---------------+-------------+-----
Dodging        | 1 |  1.0
Axes           | 2 |  2.5
Armour         | 2 |  2.5
Fighting       | 4 |  4.0
Invocations    | |  2.9

Action                   |  1- 3 |  4- 6 || total
-------------------------+-------+-------++-------
Melee: Hand axe          |   109 |    30 ||   139
Armor: Leather armour    |    14 |       ||    14
       Ring mail         |    31 |    19 ||    50
Dodge: Dodged            |    63 |    25 ||    88

Levels and vault maps discovered:
D:1:      dpeg_arrival_caged_fury, layout_basic
D:2:      layout_basic, minmay_tiny_reverse_x, uniq_robin

Notes
Turn   | Place    | Note
-------+----------+-------------------------------------------
     0 | Abyss:1  | spiderkeys the Ghoul Abyssal Knight began the quest for the
                  | Orb.
     0 | Abyss:1  | Reached XP level 1. HP: 19/19 MP: 1/1
     0 | Abyss:1  | magus.rc [v1.11.3]
     7 | Abyss:1  | Found a corrupted altar of Lugonu.
    43 | D:1      | You pass through the gate.
    43 | D:1      | Escaped the Abyss
    45 | D:1      | Found a runed translucent door.
   116 | D:1      | Reached skill level 1 in Dodging
   207 | D:1      | Reached XP level 2. HP: 18/26 MP: 2/2
   384 | D:1      | Reached skill level 2 in Axes
   450 | D:1      | Reached skill level 2 in Armour
   618 | D:1      | You pick up a book of Necromancy and begin reading...
   618 | D:1      | You add the spells Pain, Animate Skeleton and Vampiric
                  | Draining to your library.
   824 | D:1      | Reached XP level 3. HP: 31/31 MP: 3/3
   868 | D:2      | Reached *** piety under Lugonu
  1028 | D:2      | Reached XP level 4. HP: 36/40 MP: 5/5
  1308 | D:2      | Noticed Robin
  1319 | D:2      | Reached skill level 4 in Fighting
  1319 | D:2      | HP: 8/40 [hobgoblin[Robin] (5)]
  1319 | D:2      | Slain by a goblin

Vanquished Creatures
  2 adders (D:2)
  2 dart slugs
  10 endoplasms
  8 giant cockroaches (D:1)
  4 goblins (D:2)
  3 hobgoblins
  5 jackals (D:1)
  A quokka (D:2)
  3 ball pythons
  3 bats
  2 frilled lizards
  5 kobolds
  4 rats (D:1)
52 creatures vanquished.

Table legend:
 A = Non-vault XP
 B = Vault XP
 C = Vault XP percentage of total XP
 D = Non-vault monster count
 E = Vault monster count
 F = Vault count percentage of total count
                 A         B        C        D         E       F
            +---------+---------+-------+---------+---------+-------
      Total |      62 |      54 |  46.6 |      29 |      23 |  44.2
            +---------+---------+-------+---------+---------+-------
        D:1 |      28 |      31 |  52.5 |      17 |      17 |  50.0
        D:2 |      34 |      23 |  40.4 |      12 |       6 |  33.3
            +---------+---------+-------+---------+---------+-------

Illustrated notes

Table legend:
 A = Kills in this place as a percentage of kills in entire the game.
 B = Kills by you in this place as a percentage of kills by you in the entire game.
 C = Kills by friends in this place as a percentage of kills by friends in the entire game.
 D = Other kills in this place as a percentage of other kills in the entire game.
 E = Experience gained in this place as a percentage of experience gained in the entire game.
 F = Experience gained in this place divided by the number of levels of this place that you have seen.
                   A       B       C       D       E      F
               +-------+-------+-------+-------+-------+----------------------
         Total | 100.0 | 100.0 |   N/A |   N/A | 100.0 |  38.7
       Dungeon | 100.0 | 100.0 |   N/A |   N/A | 100.0 |  58.0
               +-------+-------+-------+-------+-------+----------------------

Table legend: (Time is in decaauts)
 A = Elapsed time spent in this place.
 B = Non-inter-level travel time spent in this place.
 C = Inter-level travel time spent in this place.
 D = Time resting spent in this place.
 E = Time spent auto-exploring this place.
 F = Levels seen in this place.
 G = Mean time per level.
                   A        B        C        D        E       F      G
               +--------+--------+--------+--------+--------+-----+--------+
         Total |   1348 |   1345 |      3 |      0 |    997 |   3 |  449.3 |
       Dungeon |   1302 |   1299 |      3 |      0 |    990 |   2 |  651.0 |
         Abyss |     46 |     46 |      0 |      0 |      7 |   1 |   46.0 |
               +--------+--------+--------+--------+--------+-----+--------+

Top non-repeatable levels by time:
     D:1: 820 daAuts
     D:2: 481 daAuts
 Abyss:1: 46 daAuts
